 Dungeon Crawl Stone Soup version 0.20.1-1-g8b1a95d (webtiles) character file.

51 slep the Skirmisher (level 3, 0/30 HPs)
             Began as a Demonspawn Abyssal Knight on Oct 29, 2017.
             Was a Follower of Lugonu.
             Succumbed to an adder's poison
             ... on level 2 of the Dungeon.
             The game lasted 00:05:04 (999 turns).

slep the Skirmisher (Demonspawn Abyssal Knight)      Turns: 999, Time: 00:05:04

Health: 0/30       AC: 10    Str: 14 (17) XL:     3   Next: 57%
Magic:  4/4        EV: 16    Int: 12 (13) God:    Lugonu [*.....]
Gold:   109        SH:  0    Dex: 17 (18) Spells: 2/2 levels left

rFire    . . .     SeeInvis .   a - +1 falchion
rCold    . . .     Gourm    .   (no shield)
rNeg     . . .     Faith    .   b - +0 leather armour
rPois    .         Spirit   .   (no helmet)
rElec    .         Reflect  .   (no cloak)
rCorr    .         Harm     .   j - +0 pair of gloves
MR       .....                  (no boots)
Stlth    ++........             (no amulet)
Regen    0.1/turn               (no ring)
MPRegen  0.1/turn               (no ring)

@: mighty, agile, lethally poisoned (0 -> -2), sanguine armour, very slightly
contaminated, invisible
A: sanguine armour 1
a: Depart the Abyss, Renounce Religion


You were on level 2 of the Dungeon.
You worshipped Lugonu.
Lugonu was aware of your devotion.
You were not hungry.

You visited 1 branch of the dungeon, and saw 2 of its levels.
You visited the Abyss 1 time.

You collected 109 gold pieces.

Inventory:

Hand Weapons
 a - a +1 falchion (weapon)
Armour
 b - a +0 leather armour (worn)
 j - a +0 pair of gloves (worn)
Scrolls
 f - a scroll of identify
 k - 2 scrolls of magic mapping
Potions
 h - 2 potions of might
Comestibles
 c - 3 bread rations
 i - 2 fruits
 l - 4 chunks of flesh
 m - a royal jelly


   Skills:
 + Level 3.9 Fighting
 + Level 2.2 Long Blades
 + Level 2.1 Armour
 + Level 1.1 Dodging
 + Level 2.5 Invocations


You had 2 spell levels left.
You didn't know any spells.

Dungeon Overview and Level Annotations

Branches:
Dungeon (2/15)

Altars:
The Shining One


Innate Abilities, Weirdness & Mutations

When seriously injured, your bleeding wounds create armour. (AC +6)


Message History

It was a potion of might.
You feel very mighty all of a sudden.
* * * LOW HITPOINT WARNING * * *
You feel sick.
It was a potion of agility.
You feel agile all of a sudden.
It was a potion of invisibility.
You fade into invisibility!
You are very lightly contaminated with residual magic.
It was a potion of degeneration.
There was something very wrong with that liquid.
You feel weakened.
You feel dopey.
You feel clumsy.
* * * LOW HITPOINT WARNING * * *
You feel sick.
As you read the scroll labeled XITI FAEWUNYAMAWN, it crumbles to dust.
It is a scroll of identify.
k - 2 scrolls of magic mapping
* * * LOW HITPOINT WARNING * * *
You feel sick.
You die...

#..####+#####.#...#
...........##.#...#
......†....##.#...#
...........# #...#
.#######..## #...#
.# .#.# #...# .# .
..# #...# .# ..
#+##+#...##### .#
.. .......@.....#
.# ...
......††.....# .#
.............# .#
.............# ##
..........$..#
.............#
.............#
.#.#+#....####


There were no monsters in sight!

Vanquished Creatures
  2 adders (D:2)
  3 dart slugs
  3 bats
  2 giant cockroaches
  4 goblins
  5 hobgoblins
  A quokka (D:2)
  2 frilled lizards (D:1)
  4 rats (D:1)
26 creatures vanquished.

Notes
Turn   | Place    | Note
-------+----------+-------------------------------------------
     0 | Abyss:1  | slep the Demonspawn Abyssal Knight began the quest for the Orb.
     0 | Abyss:1  | Reached XP level 1. HP: 18/18 MP: 2/2
    33 | Abyss:1  | Noticed a bone dragon
    35 | Abyss:1  | Noticed a vampire mage
    36 | Abyss:1  | Noticed a phantasmal warrior
    36 | Abyss:1  | Noticed a shadow dragon zombie
    38 | Abyss:1  | Noticed a large abomination
    38 | Abyss:1  | Noticed a large abomination
    41 | D:1      | Escaped the Abyss
   269 | D:1      | Gained mutation: When seriously injured, your bleeding wounds create armour. (AC +6) [demonic ancestry]
   269 | D:1      | Reached XP level 2. HP: 23/24 MP: 3/3
   524 | D:1      | Reached * piety under Lugonu
   819 | D:2      | Found a glowing golden altar of the Shining One.
   874 | D:2      | Reached skill level 1 in Dodging
   882 | D:2      | Reached XP level 3. HP: 28/30 MP: 4/4
   991 | D:2      | HP: 1/30 [poisoned by an adder]
   999 | D:2      | Succumbed to an adder's poison

Skill      XL: |  1  2  3 |
---------------+----------+-----
Long Blades    | 2 |  2.2
Dodging        | 1 |  1.1
Armour         | 2 |  2.1
Fighting       | |  3.9
Invocations    | |  2.5

Action                   || total
-------------------------++-------
Melee: Falchion          ||    77
Invok: Depart the Abyss  ||     1
  Use: Potion            ||     4
       Scroll            ||     1
Armor: Leather armour    ||    31
Dodge: Dodged            ||    65
       Rpst.: Falchion   ||    24
